 Dungeon Crawl Stone Soup version 0.25.0-11-g1f837a76a1 (webtiles) character file.

Game seed: 12335651485528777632

123 Esekla the Chopper (level 4, -1/42 HPs)
             Began as a Deep Dwarf Chaos Knight on June 26, 2020.
             Was an Initiate of Makhleb.
             Slain by an orc warrior
             ... wielding a +0 short sword
              (14 damage)
             ... on level 4 of the Dungeon.
             The game lasted 00:08:22 (1407 turns).

Esekla the Chopper (Deep Dwarf Chaos Knight)        Turns: 1407, Time: 00:08:23

Health: -1/42      AC:  5    Str: 17    XL:     4   Next: 80%
Magic:  3/3        EV: 12    Int: 12    God:    Makhleb [......]
Gold:   136        SH:  0    Dex: 10    Spells: 3/3 levels left

rFire    . . .     SeeInvis .   a - +0 hand axe (chaos)
rCold    . . .     Gourm    .   (no shield)
rNeg     . . .     Faith    .   b - +2 leather armour
rPois    .         Spirit   .   (no helmet)
rElec    .         Reflect  .   (no cloak)
rCorr    .         Harm     .   (no gloves)
MR       .....                  (no boots)
Stlth    +.........             (no amulet)
HPRegen  0.00/turn              (no ring)
MPRegen  0.08/turn              (no ring)

@: non-regenerating
A: damage resistance, heal wounds, blurry vision 1, clumsy 1, sense surroundings
1, screaming 1, no regeneration
a: Heal Wounds, Renounce Religion


You were on level 4 of the Dungeon.
You worshipped Makhleb.
Makhleb was noncommittal.
You were near starving.

You visited 1 branch of the dungeon, and saw 4 of its levels.

You collected 136 gold pieces.

Inventory:

Hand Weapons
 a - a +0 hand axe of chaos (weapon)
Missiles
 d - 4 boomerangs (quivered)
Armour
 b - a +2 leather armour (worn)
Scrolls
 e - 2 scrolls of identify {unknown}
 i - a scroll of enchant weapon {unknown}
 j - a scroll of remove curse {unknown}
Potions
 f - a potion of heal wounds {unknown}
 g - a potion of magic {unknown}
 h - a potion of lignification {unknown}
Comestibles
 c - 3 rations


   Skills:
 + Level 3.3 Fighting
 * Level 5.0 Axes
 * Level 2.8 Armour
 * Level 2.0 Dodging
 + Level 0.1 Stealth


You had 3 spell levels left.
You didn't know any spells.
Your spell library was empty.

Dungeon Overview and Level Annotations

Branches:
Dungeon (4/15)
 Temple: D:4-7

Altars:
Makhleb
Okawaru
Beogh

Annotations:
D:3 Sigmund
D:4 1 runed translucent door, LaGuigne83's ghost, novice FoGl


Innate Abilities, Weirdness & Mutations

You are resistant to damage.
You can heal yourself by infusing magical energy.
You passively map a small area around you.
You do not regenerate.
Scrolls take you a little longer to read.
You are clumsy. (Dex -2)
You occasionally shout uncontrollably at your foes.


Message History

The orc hits you with a +0 dagger.
You hit the orc but do no damage.
The orc evaporates and reforms as a giant cockroach!
The giant cockroach barely misses you.
You closely miss the giant cockroach. You closely miss the orc warrior.
You hit the orc warrior but do no damage.
The orc warrior is poisoned.
The orc warrior hits you with a +0 short sword!
You hit the orc warrior.
The orc warrior is lightly wounded.
The orc warrior hits you but does no damage.
An iguana comes into view.
The orc warrior hits you with a +0 short sword!
The iguana hisses angrily.
You hit the orc warrior but do no damage.
The orc warrior goes berserk!
The orc warrior is lightly wounded.
The orc warrior hits you with a +0 short sword!
You die...

######## #......######
## #[........... .#
#..#...♣...#
.###########.....♣.♣..
................♣.♣.♣,
...........##..♣.♣.♣l♣
...........##.♣.♣._.♣,
...........+...♣@♣
...........#....♣o♣ ,
........<..#.....♣s♣
.###########..#...♣o.
..., , #..........
.###* * #..## *, ....
.# ,,**, #.., , , ###
.# * , * * . * ,,


You could see an orc warrior (berserk, very poisoned), an iguana, an orc and a
giant cockroach.

Vanquished Creatures
  A hound (D:4)
  3 gnolls (D:2)
  2 adders
  An ooze (D:4)
  A worm (D:2)
  2 leopard geckos (D:2)
  3 bats
  3 giant cockroaches (D:1)
  2 goblins (D:2)
  4 hobgoblins
  2 jackals (D:2)
  7 kobolds
  A quokka (D:2)
  3 frilled lizards
  A quokka zombie (D:4)
  2 rats (D:2)
38 creatures vanquished.

Notes
Turn   | Place    | Note
-------+----------+-------------------------------------------
     0 | D:1      | Esekla the Deep Dwarf Chaos Knight began the quest for the
                  | Orb.
     0 | D:1      | Reached XP level 1. HP: 20/20 MP: 1/1
    73 | D:1      | Found a roughly hewn altar of Beogh.
    73 | D:1      | Noticed an orc priest
    86 | D:1      | Reached XP level 2. HP: 22/27 MP: 2/2
    89 | D:1      | Noticed an orc warrior
   285 | D:1      | XOM: divination: detect items
   586 | D:2      | Reached skill level 4 in Axes
   600 | D:3      | Found a burning altar of Makhleb.
   603 | D:3      | Fell from the grace of Xom
   603 | D:3      | Became a worshipper of Makhleb the Destroyer
   609 | D:3      | Reached XP level 3. HP: 18/33 MP: 3/3
   738 | D:1      | XOM: give mutations
   738 | D:1      | Gained mutation: Scrolls take you a little longer to read.
                  | [Xom's mischief]
   738 | D:1      | Gained mutation: You occasionally shout uncontrollably at
                  | your foes. [Xom's mischief]
   738 | D:1      | Gained mutation: You are clumsy. (Dex -2) [Xom's mischief]
   923 | D:2      | Reached XP level 4. HP: 38/42 MP: 4/4
  1066 | D:2      | Found a faded altar of an unknown god.
  1075 | D:2      | You fall into a shaft and drop 1 floor!
  1082 | D:3      | Noticed Sigmund
  1194 | D:4      | XOM: torment (19/42 hp)
  1291 | D:4      | Reached skill level 5 in Axes
  1372 | D:4      | Found a runed translucent door.
  1372 | D:4      | Noticed a bullfrog
  1372 | D:4      | Noticed LaGuigne83's ghost (novice FoGl)
  1397 | D:4      | Noticed an orc warrior
  1399 | D:4      | Found an iron altar of Okawaru.
  1407 | D:4      | Slain by an orc warrior

Illustrated notes

Levels and vault maps discovered:
D:1:      erik_arrival_cave_to_civilisation [erik_arrival_cave_to_temple],
          layout_basic
D:2:      layout_basic, first_ration, chequers_ecumenical_altar_island
D:3:      layout_rooms, marbit_many_paths, lemuel_doored_altar,
          minmay_stone_trees_small, uniq_sigmund
D:4:      layout_basic, okawaru_trees_2, ebering_ghost_sewer_f

Skill      XL: |  1  2  3  4 |
---------------+-------------+-----
Axes           | 4 5 |  5.0
Fighting       | 3 |  3.3
Dodging        | 2 |  2.0
Armour         | |  2.8
Stealth        | |  0.1

Action                   |  1- 3 |  4- 6 || total
-------------------------+-------+-------++-------
Melee: Hand axe          |    83 |    74 ||   157
 Abil: Heal Wounds       |     1 |     1 ||     2
Armor: Leather armour    |    36 |    23 ||    59
Dodge: Dodged            |    52 |    47 ||    99
